 Dungeon Crawl Stone Soup version 0.17-a0-1133-gfb1399f (webtiles) character file.

89 Howbazah the Conjurer (level 4, 0/24 HPs)
             Began as a Deep Elf Conjurer on May 25, 2015.
             Was an Initiate of Fedhas.
             Slain by a worker ant (7 damage)
             ... on level 4 of the Dungeon.
             The game lasted 00:22:31 (2996 turns).

Howbazah the Conjurer (Deep Elf Conjurer)           Turns: 2996, Time: 00:22:32

Health: 0/24       AC:  4    Str:  2    XL:     4   Next: 31%
Magic:  0/10       EV: 13    Int: 21    God:    Fedhas [......]
Gold:   103        SH:  0    Dex: 15    Spells: 2 memorised, 6 levels left

rFire  . . .     SeeInvis .     j - +1 whip
rCold  . . .     Clarity  .     f - +0 robe
rNeg   . . .     SustAt   .     (no shield)
rPois  .         Gourm    .     (no helmet)
rElec  .         Spirit   .     l - +0 cloak
rCorr  .         Warding  .     (no gloves)
rMut   .         Stasis   .     s - +0 pair of boots
MR     .....                    e - amulet of inaccuracy
Stlth  ++........               (no ring)
                                g - -3 ring of strength

@: lethally poisoned (0 -> -12), not resistant to hostile enchantments,
unstealthy
A: no striking features
a: Renounce Religion


You were on level 4 of the Dungeon.
You worshipped Fedhas.
Fedhas was noncommittal.
You were not hungry.

You visited 1 branch of the dungeon, and saw 4 of its levels.

You collected 103 gold pieces.

Inventory:

Hand weapons
 j - a +1 whip (weapon)
Armour
 a - a +0 robe
 f - a +0 robe (worn)
 l - a +0 cloak (worn)
 s - a +0 pair of boots (worn)
Jewellery
 e - an amulet of inaccuracy (around neck)
 g - a -3 ring of strength (left hand)
 m - an uncursed ring of teleportation
Magical devices
 t - a wand of polymorph (13)
Scrolls
 h - a scroll of magic mapping
 o - 4 scrolls of identify
 q - a scroll of remove curse
 r - a scroll of enchant weapon
 u - a scroll of teleportation
Potions
 d - a potion of resistance {unknown}
 i - 3 potions of curing {unknown}
Books
 b - a book of Conjurations

   Spells                             Type                      Level
   a - Magic Dart                     Conjuration                  1
   b - Searing Ray                    Conjuration                  2
   c - Dazzling Spray                 Conjuration/Hexes            3
   d - Fulminant Prism                Conjuration/Hexes            4
   e - Iskenderun's Mystic Blast      Conjuration                  4
   f - Iskenderun's Battlesphere      Conjuration/Charms           5
Comestibles
 c - 3 bread rations
 k - a beef jerky
 n - a slice of pizza
 p - a meat ration


   Skills:
 - Level 2.4 Dodging
 - Level 2.4 Stealth
 - Level 3.0 Spellcasting
 + Level 6.4 Conjurations


You had 6 spell levels left.
You knew the following spells:

 Your Spells              Type           Power        Failure   Level  Hunger
a - Magic Dart            Conj           ####         1%          1    None
b - Searing Ray           Conj           ####..       1%          2    ##.....


Dungeon Overview and Level Annotations

Branches:
Dungeon (4/15)
 Temple: D:4-7

Altars:
Elyvilon
Fedhas
Kikubaaqudgha
Nemelex Xobeh
Trog

Annotations:
D:4 Menkaure


Message History

The searing ray hits the worker ant.
The worker ant is severely wounded.
You feel sick.
The worker ant bites you but does no damage.
The searing ray misses the worker ant.
You feel sick. The worker ant misses you.
You feel sick. The worker ant misses you.
You feel sick.
The worker ant bites you but does no damage. x2
Casting: Searing Ray
Confirm with . or Enter, or press ? or * to list all spells.
Aiming: Magic Dart
Press: ? - help, Shift-Dir - straight line, f/p - worker ant
Aim: a worker ant (severely wounded)
The magic dart hits the worker ant.
The worker ant is almost dead.
* * * LOW HITPOINT WARNING * * *
You feel sick. The worker ant bites you!
You die...
Fedhas appreciates your contribution to the ecosystem.

....###.#.....)........#
... #.#..............# .
#.#..............# .
#.#..............# #.
#.#..............#
#.##.#..............#
#..#.#..............#
#.a...##############
#.#@.......
...............
###......†.....
#............
#....>.....##
#..........#
#..........#
#..........#


You could see a worker ant.

Vanquished Creatures
  2 adders
  An ooze (D:3)
  2 giant geckos
  7 orcs
  5 bats
  5 goblins
  3 hobgoblins
  8 jackals
  4 giant cockroaches
  6 giant newts
  9 kobolds
  4 rats
56 creatures vanquished.

Vanquished Creatures (others)
  14 toadstools
14 creatures vanquished.

Grand Total: 70 creatures vanquished

Notes
Turn   | Place    | Note
--------------------------------------------------------------
     0 | D:1      | Howbazah the Deep Elf Conjurer began the quest for the Orb.
     0 | D:1      | Reached XP level 1. HP: 10/10 MP: 6/6
   376 | D:1      | Reached XP level 2. HP: 9/15 MP: 5/8
   533 | D:1      | Learned a level 2 spell: Searing Ray
   537 | D:1      | Reached skill level 5 in Conjurations
  1161 | D:2      | Found a white marble altar of Elyvilon.
  1163 | D:2      | Found a blossoming altar of Fedhas.
  1163 | D:2      | Found a bloodstained altar of Trog.
  1164 | D:2      | Found an ancient bone altar of Kikubaaqudgha.
  1168 | D:2      | Found a sparkling altar of Nemelex Xobeh.
  1174 | D:2      | Became a worshipper of Fedhas Madash
  1515 | D:2      | Reached XP level 3. HP: 19/19 MP: 3/9
  2188 | D:3      | Reached skill level 6 in Conjurations
  2233 | D:3      | Reached XP level 4. HP: 24/24 MP: 3/10
  2346 | D:4      | Noticed Menkaure
  2346 | D:4      | Noticed an ogre
  2996 | D:4      | Slain by a worker ant

Vault maps used:
D:1:      dpeg_arrival_court, kennysheep_decorative_pillar
D:2:      minitemple
D:4:      temple_fountains, first_bread, uniq_menkaure, uniq_robin

Action                   |  1- 3 |  4- 6 || total
-------------------------+-------+-------++-------
Melee: Unarmed           |     4 |       ||     4
       Whip              |     8 |     1 ||     9
 Cast: Magic Dart        |    76 |    29 ||   105
       Searing Ray       |     1 |     1 ||     2
  Use: Scroll            |     7 |       ||     7
  Eat: Bread ration      |     1 |     1 ||     2
